SAN JOSE Sharks vs ANAHEIM Ducks (R3)

Created - 5 mai 2024 at 22:42

Goals
1 2 3 T
SAN JOSE Sharks 1 0 0 1
ANAHEIM Ducks 1 1 0 2
Shots
1 2 3 T
SAN JOSE Sharks 12 13 3 28
ANAHEIM Ducks 9 8 15 32

1st period

1. ANAHEIM Ducks , Chandler Stephenson 3 (Elias Lindholm 2, Justin Holl 1) at 0:32 (PP)
2. SAN JOSE Sharks , Andrew Mangiapane 3 (Brayden McNabb 3, Sam Bennett 2) at 14:13 (PP)

Penalties :
Brayden McNabb (SJS) for Tripping (Minor) at 0:14, Connor Murphy (SJS) for Cross-checking (Minor) at 2:19, Troy Stecher (SJS) for Tripping (Minor) at 7:06, Connor Murphy (SJS) for Goalie Interference (Minor) at 8:25, Chandler Stephenson (ANA) for Diving (Minor) at 10:17, Nick Paul (ANA) for Interference (Minor) at 12:23, Philipp Grubauer (ANA) for Slashing (Minor) at 12:45 - Brett Pesce served the penalty., Connor Murphy (SJS) for Slashing (Minor) at 15:15, Ryan Pulock (ANA) for Cross-checking (Minor) at 17:56

2nd period

3. ANAHEIM Ducks , Nathan MacKinnon 2 (MacKenzie Weegar 2, Elias Lindholm 3) at 13:18

Penalties :
Nathan MacKinnon (ANA) for Holding (Minor) at 2:15, Artturi Lehkonen (ANA) for Holding (Minor) at 12:20, Brayden McNabb (SJS) for Hooking (Minor) at 12:20, MacKenzie Weegar (ANA) for Tripping (Minor) at 15:49

3rd period

No Goal

Penalties :
Brayden McNabb (SJS) for Interference (Minor) at 4:14, Connor Murphy (SJS) for High sticking (Minor) at 16:56, Brayden McNabb (SJS) for Roughing (Double Minor) at 17:25

Goalie Stats

Darcy Kuemper (SJS), 30 saves from 32 shots - (0,938), L, 1-2-0, 60:00 minutes
Philipp Grubauer (ANA), 27 saves from 28 shots - (0,964), W, 2-1-0, 60:00 minutes

Players Stats for SAN JOSE Sharks

Player Name              G  A  P  +/- PIM S  H  SB GA TA FO     MP     PP MP  PK MP  
------------------------------------------------------------------------------------
Andrew Cogliano          0  0  0   0  0   0  1  0  0  0  0/0     9:02   0:00   0:00 
Andrew Mangiapane        1  0  1   0  0   2  0  0  0  0  0/0    15:13   4:57   0:00 
Austin Watson            0  0  0   0  0   0  1  0  0  0  1/1     4:37   0:00   0:23 
Brayden McNabb           0  1  1   0  10  6  2  0  0  0  0/0    22:48   5:13   4:19 
Brett Howden             0  0  0   0  0   0  1  0  0  0  5/9     9:02   0:00   0:00 
Cal Clutterbuck          0  0  0   0  0   0  0  0  0  0  0/1     5:25   0:00   1:11 
Cody Ceci                0  0  0   0  0   5  3  1  0  0  0/0    24:56   4:56   6:48 
Connor Murphy            0  0  0   0  8   1  4  2  0  0  0/0    14:58   0:01   2:26 
Evander Kane             0  0  0   0  0   3  1  0  0  0  0/1    15:13   4:57   0:00 
Jack Johnson             0  0  0   0  0   1  3  3  0  0  0/0    24:30   4:56   6:08 
Joe Pavelski             0  0  0   0  0   0  1  0  0  0  1/1    16:56   5:13   0:00 
John Klingberg           0  0  0  -1  0   1  0  0  0  0  0/0    17:19   5:14   0:30 
John Tavares             0  0  0  -1  0   2  1  0  0  0  15/37  26:10   5:13   7:34 
Kyle Connor              0  0  0  -1  0   3  3  0  0  0  1/2    24:55   5:13   6:19 
Matt Nieto               0  0  0   0  0   2  0  0  0  0  1/1    12:57   0:00   3:29 
Nick Cousins             0  0  0   0  0   0  0  0  0  0  1/3     4:14   0:00   0:00 
Sam Bennett              0  1  1   0  0   2  1  0  0  0  13/29  19:31   4:57   3:52 
Troy Stecher             0  0  0  -1  2   0  3  1  0  0  0/0    15:20   0:00   4:45 

Players Stats for ANAHEIM Ducks

Player Name              G  A  P  +/- PIM S  H  SB GA TA FO     MP     PP MP  PK MP  
------------------------------------------------------------------------------------
Artturi Lehkonen         0  0  0   0  2   1  3  0  0  0  1/2    17:17   5:46   0:55 
Brayden Point            0  0  0   0  0   3  1  0  0  0  9/17   18:32   6:43   0:03 
Brett Pesce              0  0  0   0  0   3  5  4  0  0  0/0    24:22   6:04   3:50 
Chandler Stephenson      1  0  1   0  2   2  2  0  0  0  2/3    22:13   5:45   5:49 
David Kampf              0  0  0   0  0   2  0  0  0  0  7/11    6:14   0:00   2:41 
Derick Brassard          0  0  0   0  0   0  1  0  0  0  0/1     3:33   0:00   0:00 
Elias Lindholm           0  2  2   1  0   4  2  0  0  0  21/38  24:25   5:46   5:58 
Jeff Carter              0  0  0   0  0   2  0  0  0  0  6/9     9:21   0:00   0:00 
Joel Farabee             0  0  0   0  0   1  1  0  0  0  0/0     9:21   0:00   0:00 
Justin Holl              0  1  1   0  0   0  1  0  0  0  0/0    20:59   6:25   5:27 
MacKenzie Weegar         0  1  1   1  2   6  5  2  0  0  0/0    24:59   6:25   3:46 
Mark Giordano            0  0  0   0  0   0  0  0  0  0  0/0    15:19   0:00   2:04 
Nathan MacKinnon         1  0  1   1  2   5  4  0  0  0  1/2    20:11   6:43   0:00 
Nic Dowd                 0  0  0   0  0   1  2  0  0  0  0/0     3:33   0:00   0:00 
Nick Paul                0  0  0   0  2   0  2  0  0  0  0/1    11:39   0:00   2:19 
Ryan Lindgren            0  0  0   1  0   0  1  0  0  0  0/0    14:10   0:00   5:13 
Ryan Pulock              0  0  0   0  2   0  2  3  0  0  0/0    20:09   6:04   0:00 
Viktor Arvidsson         0  0  0   0  0   2  0  0  0  0  0/1    19:53   6:43   1:07 

3 Stars

1 - Philipp Grubauer (ANA)
2 - Elias Lindholm (ANA)
3 - Nathan MacKinnon (ANA)

Power Play

SAN JOSE Sharks - 1 on 6 Attempt(s) - 16,67%
ANAHEIM Ducks - 1 on 9 Attempt(s) - 11,11%

Penalty Kill

SAN JOSE Sharks - 8 on 9 Attempt(s) - 88,89% - Score 0 goal in Penalty Kill
ANAHEIM Ducks - 5 on 6 Attempt(s) - 83,33% - Score 0 goal in Penalty Kill

Team Stat

SAN JOSE Sharks - Hits : 25 - Faceoff Wins : 38 - Blocked Shots : 7 - Penalty Minutes : 20
ANAHEIM Ducks - Hits : 32 - Faceoff Wins : 47 - Blocked Shots : 9 - Penalty Minutes : 14

Official

Referees : Chris Lee and Justin Kea
Linesman : Michel Cormier and James Tobias

Game Notes

Ryan Lindgren is injured at 12:21 of 3rd period (Left Leg)

Finance

Level 1 -- Attendance: 6000 (100,00%) -- Ticket Income $600,000
Level 2 -- Attendance: 4892 (97,84%) -- Ticket Income $293,520
Level 3 -- Attendance: 2000 (100,00%) -- Ticket Income $70,000
Level 4 -- Attendance: 4000 (100,00%) -- Ticket Income $80,000
Luxury Box -- Attendance: 944 (94,40%) -- Ticket Income $188,800
Game was played at the Honda Center.
Total Attendance: 17836 (99,09%)
Total Ticket Income: $1,232,320
Other Income: $308,080
Total Income: $1,540,400

SAN JOSE Sharks

5 vs 5 Forward 
   Center                   Left Wing                Right Wing               Time % Phy DF OF 
 1 John Tavares             Kyle Connor              Joe Pavelski             38     0   2  3  
 2 Sam Bennett              Andrew Mangiapane        Evander Kane             32     2   2  1  
 3 Brett Howden             Andrew Cogliano          Matt Nieto               21     1   2  2  
 4 Nick Cousins             Cal Clutterbuck          Austin Watson            9      1   3  1  

5 vs 5 Defense 
   Defense                  Defense                                           Time % Phy DF OF 
 1 Brayden McNabb           Cody Ceci                                         37     1   2  2  
 2 Jack Johnson             Connor Murphy                                     30     1   3  1  
 3 Troy Stecher             John Klingberg                                    23     1   2  2  
 4 Brayden McNabb           Cody Ceci                                         10     1   2  2  

PowerPlay Forward 
   Center                   Left Wing                Right Wing               Time % Phy DF OF 
 1 John Tavares             Kyle Connor              Joe Pavelski             60     1   1  3  
 2 Sam Bennett              Evander Kane             Andrew Mangiapane        40     1   2  2  

PowerPlay Defense
   Defense                  Defense                                           Time % Phy DF OF 
 1 Brayden McNabb           John Klingberg                                    60     1   2  2  
 2 Cody Ceci                Jack Johnson                                      40     1   2  2  

Penalty Kill 4 Players Forward 
   Center                   Wing                     Time % Phy DF OF 
 1 John Tavares             Kyle Connor              60     1   3  1  
 2 Sam Bennett              Matt Nieto               40     1   3  1  

Penalty Kill 4 Players Defense
   Defense                  Defense                  Time % Phy DF OF 
 1 Brayden McNabb           Cody Ceci                60     1   3  1  
 2 Connor Murphy            Jack Johnson             40     1   3  1  

Penalty Kill - 3 Players Forward 
   Forward                                           Time % Phy DF OF 
 1 John Tavares                                      60     1   2  2  
 2 Sam Bennett                                       40     1   2  2  

Penalty Kill - 3 Players Defense
   Defense                  Defense                  Time % Phy DF OF 
 1 Brayden McNabb           Cody Ceci                60     1   2  2  
 2 Connor Murphy            Jack Johnson             40     1   2  2  

4 vs 4 Forward 
   Center                   Wing                     Time % Phy DF OF 
 1 John Tavares             Kyle Connor              60     1   2  2  
 2 Sam Bennett              Matt Nieto               40     1   2  2  

4 vs 4 Defense
   Defense                  Defense                  Time % Phy DF OF 
 1 Brayden McNabb           John Klingberg           60     1   2  2  
 2 Connor Murphy            Jack Johnson             40     1   2  2  

Last Minutes Offensive
   Center                   Left Wing                Right Wing               Defense                  Defense                  
   John Tavares             Kyle Connor              Joe Pavelski             Brayden McNabb           John Klingberg           

Last Minutes Defensive
   Center                   Left Wing                Right Wing               Defense                  Defense                  
   John Tavares             Kyle Connor              Joe Pavelski             Brayden McNabb           Connor Murphy            

Goaltenders
Starting : Darcy Kuemper            
Backup : Semyon Varlamov          

Extra Forwards
Normal : Andrew Cogliano, Matt Nieto, Cal Clutterbuck - PP : Andrew Cogliano, Matt Nieto - PK : Cal Clutterbuck
Extra Defensemen
Normal : Jack Johnson, Troy Stecher, John Klingberg - PP : Connor Murphy - PK : Jack Johnson, Troy Stecher
Penalty Shots
Kyle Connor, John Tavares, Joe Pavelski, Andrew Mangiapane, Sam Bennett

Scratches
Oliver Kylington (Healthy), Matias Maccelli (Healthy)

ANAHEIM Ducks

5 vs 5 Forward 
   Center                   Left Wing                Right Wing               Time % Phy DF OF 
 1 Brayden Point            Viktor Arvidsson         Nathan MacKinnon         35     0   2  3  
 2 Elias Lindholm           Chandler Stephenson      Artturi Lehkonen         35     0   2  3  
 3 Jeff Carter              Nick Paul                Joel Farabee             20     1   2  2  
 4 David Kampf              Derick Brassard          Nic Dowd                 10     1   3  1  

5 vs 5 Defense 
   Defense                  Defense                                           Time % Phy DF OF 
 1 Mark Giordano            MacKenzie Weegar                                  40     1   2  2  
 2 Ryan Pulock              Brett Pesce                                       35     1   2  2  
 3 Justin Holl              Ryan Lindgren                                     20     2   2  1  
 4 Mark Giordano            MacKenzie Weegar                                  5      2   2  1  

PowerPlay Forward 
   Center                   Left Wing                Right Wing               Time % Phy DF OF 
 1 Brayden Point            Viktor Arvidsson         Nathan MacKinnon         60     0   1  4  
 2 Elias Lindholm           Chandler Stephenson      Artturi Lehkonen         40     0   1  4  

PowerPlay Defense
   Defense                  Defense                                           Time % Phy DF OF 
 1 Justin Holl              MacKenzie Weegar                                  60     0   1  4  
 2 Ryan Pulock              Brett Pesce                                       40     0   1  4  

Penalty Kill 4 Players Forward 
   Center                   Wing                     Time % Phy DF OF 
 1 Elias Lindholm           Chandler Stephenson      60     1   3  1  
 2 David Kampf              Nick Paul                40     1   3  1  

Penalty Kill 4 Players Defense
   Defense                  Defense                  Time % Phy DF OF 
 1 Brett Pesce              Ryan Lindgren            60     1   3  1  
 2 Justin Holl              MacKenzie Weegar         40     1   3  1  

Penalty Kill - 3 Players Forward 
   Forward                                           Time % Phy DF OF 
 1 Chandler Stephenson                               60     1   4  0  
 2 David Kampf                                       40     1   4  0  

Penalty Kill - 3 Players Defense
   Defense                  Defense                  Time % Phy DF OF 
 1 Brett Pesce              Ryan Lindgren            60     1   4  0  
 2 Justin Holl              MacKenzie Weegar         40     1   4  0  

4 vs 4 Forward 
   Center                   Wing                     Time % Phy DF OF 
 1 Elias Lindholm           Nathan MacKinnon         60     1   2  2  
 2 Chandler Stephenson      Brayden Point            40     1   2  2  

4 vs 4 Defense
   Defense                  Defense                  Time % Phy DF OF 
 1 Ryan Lindgren            MacKenzie Weegar         60     1   2  2  
 2 Ryan Pulock              Brett Pesce              40     1   2  2  

Last Minutes Offensive
   Center                   Left Wing                Right Wing               Defense                  Defense                  
   Elias Lindholm           Nathan MacKinnon         Brayden Point            Mark Giordano            MacKenzie Weegar         

Last Minutes Defensive
   Center                   Left Wing                Right Wing               Defense                  Defense                  
   Elias Lindholm           Chandler Stephenson      Artturi Lehkonen         Brett Pesce              Ryan Lindgren            

Goaltenders
Starting : Philipp Grubauer         
Backup : Brian Elliott            

Extra Forwards
Normal : Viktor Arvidsson, Artturi Lehkonen, Jeff Carter - PP : Viktor Arvidsson, Artturi Lehkonen - PK : Viktor Arvidsson
Extra Defensemen
Normal : Brett Pesce, Justin Holl, Ryan Lindgren - PP : Brett Pesce - PK : Brett Pesce, Justin Holl
Penalty Shots
Nathan MacKinnon, Elias Lindholm, Brayden Point, Chandler Stephenson, Viktor Arvidsson

Scratches
Patrick Maroon (Healthy), Warren Foegele (Healthy)

% Time on Ice - SAN JOSE Sharks

Lines # - Real PCT - Wanted PCT - Time Play
Normal Forward
1 - 33% - 38% - 11:43
2 - 29% - 32% - 10:16
3 - 26% - 21% - 9:02
4 - 12% - 9% - 4:14
Normal Defense
1 - 37% - 37% - 13:12
2 - 34% - 30% - 12:00
3 - 29% - 23% - 10:03
4 - 0% - 10% - 0:00
PP Forward
1 - 51% - 60% - 5:13
2 - 49% - 40% - 4:57
PP Defense
1 - 51% - 60% - 5:14
2 - 49% - 40% - 4:56
PK Forward
1 - 65% - 60% - 6:42
2 - 35% - 40% - 3:37
PK Defense
1 - 54% - 60% - 5:37
2 - 46% - 40% - 4:42
PK3 Forward
1 - 88% - 60% - 1:55
2 - 12% - 40% - 0:15
PK3 Defense
1 - 64% - 60% - 1:23
2 - 36% - 40% - 0:47
44 Forward
1 - 79% - 60% - 1:40
2 - 21% - 40% - 0:26
44 Defense
1 - 73% - 60% - 1:32
2 - 27% - 40% - 0:34
Last Minute Offensive  - 0:00
Last Minute Defensive  - 0:00
Total
Forward - 60:00
Defense - 60:00

% Time on Ice - ANAHEIM Ducks

Lines # - Real PCT - Wanted PCT - Time Play
Normal Forward
1 - 33% - 35% - 11:44
2 - 30% - 35% - 10:37
3 - 27% - 20% - 9:21
4 - 10% - 10% - 3:33
Normal Defense
1 - 37% - 40% - 13:11
2 - 37% - 35% - 12:57
3 - 26% - 20% - 9:07
4 - 0% - 5% - 0:00
PP Forward
1 - 54% - 60% - 6:43
2 - 46% - 40% - 5:46
PP Defense
1 - 51% - 60% - 6:25
2 - 49% - 40% - 6:04
PK Forward
1 - 72% - 60% - 6:17
2 - 28% - 40% - 2:25
PK Defense
1 - 46% - 60% - 4:01
2 - 54% - 40% - 4:41
PK3 Forward
1 - 82% - 60% - 1:12
2 - 18% - 40% - 0:16
PK3 Defense
1 - 82% - 60% - 1:12
2 - 18% - 40% - 0:16
44 Forward
1 - 98% - 60% - 2:04
2 - 2% - 40% - 0:02
44 Defense
1 - 78% - 60% - 1:38
2 - 22% - 40% - 0:28
Last Minute Offensive  - 0:00
Last Minute Defensive  - 0:00
Total
Forward - 60:00
Defense - 60:00

Play-by-Play

1st period


0:01 of 1st period - Brayden Point wins face-off versus John Tavares in neutral zone.
0:01 of 1st period - Nathan MacKinnon is hit by Kyle Connor.
0:03 of 1st period - Shot by Brayden Point.
0:03 of 1st period - Shot Misses the Net.
0:09 of 1st period - Shot by Brayden Point.
0:09 of 1st period - Shot Misses the Net.
0:14 of 1st period - Minor Penalty to Brayden McNabb for Tripping.
0:15 of 1st period - Elias Lindholm wins face-off versus John Tavares in SAN JOSE Sharks zone.
0:32 of 1st period - Shot by Chandler Stephenson.
0:32 of 1st period - Goal by Chandler Stephenson - SAN JOSE Sharks : 0 - ANAHEIM Ducks : 1.
0:33 of 1st period - Jeff Carter wins face-off versus Sam Bennett in neutral zone.
1:02 of 1st period - Shot by Andrew Mangiapane.
1:02 of 1st period - Shot Blocked by Brett Pesce.
1:04 of 1st period - Shot by Troy Stecher.
1:04 of 1st period - Shot Misses the Net.
1:06 of 1st period - Shot by Sam Bennett.
1:06 of 1st period - Shot Blocked by Ryan Pulock.
1:08 of 1st period - Shot by Andrew Mangiapane.
1:08 of 1st period - Stopped by Philipp Grubauer without a rebound.
1:09 of 1st period - Matt Nieto wins face-off versus Elias Lindholm in ANAHEIM Ducks zone.
2:07 of 1st period - Viktor Arvidsson is hit by Connor Murphy and loses puck.
2:19 of 1st period - Minor Penalty to Connor Murphy for Cross-checking.
2:20 of 1st period - John Tavares wins face-off versus Brayden Point in SAN JOSE Sharks zone.
2:43 of 1st period - Shot by Nathan MacKinnon.
2:43 of 1st period - Shot Misses the Net.
3:17 of 1st period - Matt Nieto is hit by Chandler Stephenson and loses puck.
3:24 of 1st period - Shot by Justin Holl.
3:24 of 1st period - Deflect By Artturi Lehkonen.
3:24 of 1st period - Shot Misses the Net.
3:38 of 1st period - Shot by Elias Lindholm.
3:38 of 1st period - Shot Misses the Net.
3:49 of 1st period - MacKenzie Weegar is hit by Brayden McNabb and loses puck.
4:10 of 1st period - Shot by Brett Pesce.
4:10 of 1st period - Stopped by Darcy Kuemper without a rebound.
4:11 of 1st period - Sam Bennett wins face-off versus Brayden Point in SAN JOSE Sharks zone.
4:36 of 1st period - Shot by Derick Brassard.
4:36 of 1st period - Shot Misses the Net.
4:59 of 1st period - Off-side.
5:00 of 1st period - Jeff Carter wins face-off versus Sam Bennett in neutral zone.
5:03 of 1st period - Andrew Mangiapane is hit by Nick Paul and loses puck.
5:55 of 1st period - Icing by Ryan Pulock.
5:56 of 1st period - John Tavares wins face-off versus Jeff Carter in ANAHEIM Ducks zone.
6:39 of 1st period - Shot by Kyle Connor.
6:39 of 1st period - Shot Misses the Net.
6:57 of 1st period - Shot by Nathan MacKinnon.
6:57 of 1st period - Stopped by Darcy Kuemper without a rebound.
6:58 of 1st period - Brett Howden wins face-off versus Elias Lindholm in SAN JOSE Sharks zone.
6:58 of 1st period - Brett Howden is hit by Artturi Lehkonen.
7:05 of 1st period - Icing by Troy Stecher.
7:06 of 1st period - Elias Lindholm wins face-off versus Brett Howden in SAN JOSE Sharks zone.
7:06 of 1st period - Minor Penalty to Troy Stecher for Tripping.
7:07 of 1st period - Sam Bennett wins face-off versus Elias Lindholm in SAN JOSE Sharks zone.
7:28 of 1st period - Shot by Artturi Lehkonen.
7:28 of 1st period - Shot Misses the Net.
7:30 of 1st period - Shot by Elias Lindholm.
7:30 of 1st period - Stopped by Darcy Kuemper without a rebound.
7:31 of 1st period - Brayden Point wins face-off versus John Tavares in SAN JOSE Sharks zone.
8:04 of 1st period - Shot by Brett Pesce.
8:04 of 1st period - Stopped by Darcy Kuemper without a rebound.
8:05 of 1st period - Chandler Stephenson wins face-off versus Sam Bennett in SAN JOSE Sharks zone.
8:06 of 1st period - Shot by MacKenzie Weegar.
8:06 of 1st period - Stopped by Darcy Kuemper without a rebound.
8:07 of 1st period - Sam Bennett wins face-off versus Elias Lindholm in SAN JOSE Sharks zone.
8:07 of 1st period - Sam Bennett is hit by Chandler Stephenson.
8:18 of 1st period - Justin Holl is hit by John Tavares and loses puck.
8:23 of 1st period - Connor Murphy is hit by Artturi Lehkonen and loses puck.
8:25 of 1st period - Minor Penalty to Connor Murphy for Goalie Interference.
8:26 of 1st period - John Tavares wins face-off versus Brayden Point in SAN JOSE Sharks zone.
8:37 of 1st period - Cody Ceci is hit by Brayden Point and loses puck.
9:12 of 1st period - Jack Johnson is hit by Nathan MacKinnon and loses puck.
9:29 of 1st period - Shot by MacKenzie Weegar.
9:29 of 1st period - Stopped by Darcy Kuemper without a rebound.
9:30 of 1st period - Elias Lindholm wins face-off versus John Tavares in SAN JOSE Sharks zone.
9:54 of 1st period - Shot by MacKenzie Weegar.
9:54 of 1st period - Stopped by Darcy Kuemper without a rebound.
9:55 of 1st period - Brayden Point wins face-off versus Sam Bennett in SAN JOSE Sharks zone.
10:16 of 1st period - Shot by MacKenzie Weegar.
10:16 of 1st period - Stopped by Darcy Kuemper without a rebound.
10:17 of 1st period - John Tavares wins face-off versus Elias Lindholm in SAN JOSE Sharks zone.
10:17 of 1st period - Minor Penalty to Chandler Stephenson for Diving.
10:18 of 1st period - John Tavares wins face-off versus Elias Lindholm in ANAHEIM Ducks zone.
10:37 of 1st period - Shot by Andrew Mangiapane.
10:37 of 1st period - Shot Misses the Net.
10:44 of 1st period - Andrew Mangiapane is hit by Brett Pesce and loses puck.
10:53 of 1st period - Shot by Andrew Mangiapane.
10:53 of 1st period - Shot Misses the Net.
10:55 of 1st period - Shot by Jack Johnson.
10:55 of 1st period - Shot Blocked by Brett Pesce.
10:57 of 1st period - Shot by Cody Ceci.
10:57 of 1st period - Stopped by Philipp Grubauer without a rebound.
10:58 of 1st period - Elias Lindholm wins face-off versus Kyle Connor in ANAHEIM Ducks zone.
11:07 of 1st period - Shot by John Klingberg.
11:07 of 1st period - Shot Misses the Net.
11:19 of 1st period - Shot by Kyle Connor.
11:19 of 1st period - Shot Misses the Net.
12:00 of 1st period - Icing by Evander Kane.
12:01 of 1st period - Sam Bennett wins face-off versus Elias Lindholm in SAN JOSE Sharks zone.
12:03 of 1st period - Andrew Mangiapane is hit by Elias Lindholm and loses puck.
12:17 of 1st period - Andrew Mangiapane is hit by MacKenzie Weegar and loses puck.
12:23 of 1st period - Minor Penalty to Nick Paul for Interference.
12:24 of 1st period - David Kampf wins face-off versus Sam Bennett in ANAHEIM Ducks zone.
12:43 of 1st period - Shot by Brayden McNabb.
12:43 of 1st period - Stopped by Philipp Grubauer without a rebound.
12:44 of 1st period - Kyle Connor wins face-off versus David Kampf in ANAHEIM Ducks zone.
12:45 of 1st period - Shot by Cody Ceci.
12:45 of 1st period - Stopped by Philipp Grubauer without a rebound.
12:45 of 1st period - Minor Penalty to Philipp Grubauer for Slashing.
12:46 of 1st period - Joe Pavelski wins face-off versus Chandler Stephenson in ANAHEIM Ducks zone.
13:56 of 1st period - Mark Giordano is hit by Sam Bennett and loses puck.
14:09 of 1st period - Shot by Brayden McNabb.
14:09 of 1st period - Shot Misses the Net.
14:11 of 1st period - Shot by Brayden McNabb.
14:11 of 1st period - Shot Misses the Net.
14:13 of 1st period - Shot by Andrew Mangiapane.
14:13 of 1st period - Goal by Andrew Mangiapane - SAN JOSE Sharks : 1 - ANAHEIM Ducks : 1.
14:14 of 1st period - John Tavares wins face-off versus David Kampf in neutral zone.
14:48 of 1st period - Icing by Ryan Pulock.
14:49 of 1st period - Nathan MacKinnon wins face-off versus Brett Howden in ANAHEIM Ducks zone.
15:06 of 1st period - Brayden Point is hit by Andrew Cogliano and loses puck.
15:15 of 1st period - Minor Penalty to Connor Murphy for Slashing.
15:16 of 1st period - Elias Lindholm wins face-off versus John Tavares in SAN JOSE Sharks zone.
16:23 of 1st period - Shot by Brayden Point.
16:23 of 1st period - Shot Blocked by Cody Ceci.
16:41 of 1st period - Shot by Brayden Point.
16:41 of 1st period - Shot Misses the Net.
17:17 of 1st period - Shot by Nick Paul.
17:17 of 1st period - Shot Misses the Net.
17:26 of 1st period - Icing by Nick Cousins.
17:27 of 1st period - David Kampf wins face-off versus Nick Cousins in SAN JOSE Sharks zone.
17:31 of 1st period - Icing by Austin Watson.
17:32 of 1st period - Nick Cousins wins face-off versus Jeff Carter in SAN JOSE Sharks zone.
17:56 of 1st period - Minor Penalty to Ryan Pulock for Cross-checking.
17:57 of 1st period - Elias Lindholm wins face-off versus John Tavares in ANAHEIM Ducks zone.
18:26 of 1st period - Shot by Cody Ceci.
18:26 of 1st period - Stopped by Philipp Grubauer with a rebound.
18:28 of 1st period - Shot by Cody Ceci.
18:28 of 1st period - Stopped by Philipp Grubauer without a rebound.
18:29 of 1st period - David Kampf wins face-off versus Sam Bennett in ANAHEIM Ducks zone.
18:40 of 1st period - Shot by Brayden McNabb.
18:40 of 1st period - Stopped by Philipp Grubauer with a rebound.
18:42 of 1st period - Shot by Andrew Mangiapane.
18:42 of 1st period - Shot Blocked by MacKenzie Weegar.
18:48 of 1st period - Shot by Evander Kane.
18:48 of 1st period - Shot Misses the Net.
18:50 of 1st period - Shot by Brayden McNabb.
18:50 of 1st period - Stopped by Philipp Grubauer with a rebound.
18:52 of 1st period - Shot by Evander Kane.
18:52 of 1st period - Stopped by Philipp Grubauer without a rebound.
18:53 of 1st period - Elias Lindholm wins face-off versus John Tavares in ANAHEIM Ducks zone.
18:53 of 1st period - Elias Lindholm is hit by Joe Pavelski.
19:21 of 1st period - Shot by Kyle Connor.
19:21 of 1st period - Stopped by Philipp Grubauer without a rebound.
19:22 of 1st period - David Kampf wins face-off versus Sam Bennett in ANAHEIM Ducks zone.
19:33 of 1st period - Shot by Brayden McNabb.
19:33 of 1st period - Stopped by Philipp Grubauer without a rebound.
19:34 of 1st period - David Kampf wins face-off versus Sam Bennett in ANAHEIM Ducks zone.
19:34 of 1st period - David Kampf is hit by Evander Kane.
Goals for this period are 1 for SAN JOSE Sharks vs 1 for ANAHEIM Ducks.
Shots for this period are 12 for SAN JOSE Sharks vs 9 for ANAHEIM Ducks.

2nd period


0:01 of 2nd period - Artturi Lehkonen wins face-off versus John Tavares in neutral zone.
0:16 of 2nd period - Joe Pavelski is hit by Elias Lindholm and loses puck.
0:23 of 2nd period - Shot by Artturi Lehkonen.
0:23 of 2nd period - Stopped by Darcy Kuemper without a rebound.
0:24 of 2nd period - Brayden Point wins face-off versus Sam Bennett in SAN JOSE Sharks zone.
0:35 of 2nd period - Shot by Brayden Point.
0:35 of 2nd period - Stopped by Darcy Kuemper without a rebound.
0:36 of 2nd period - John Tavares wins face-off versus Elias Lindholm in SAN JOSE Sharks zone.
0:58 of 2nd period - Shot by Elias Lindholm.
0:58 of 2nd period - Stopped by Darcy Kuemper without a rebound.
0:59 of 2nd period - Sam Bennett wins face-off versus Brayden Point in SAN JOSE Sharks zone.
1:10 of 2nd period - Shot by Jack Johnson.
1:10 of 2nd period - Stopped by Philipp Grubauer without a rebound.
1:11 of 2nd period - John Tavares wins face-off versus Elias Lindholm in ANAHEIM Ducks zone.
1:32 of 2nd period - Shot by Joe Pavelski.
1:32 of 2nd period - Shot Misses the Net.
1:34 of 2nd period - Shot by John Tavares.
1:34 of 2nd period - Shot Blocked by MacKenzie Weegar.
1:36 of 2nd period - Shot by Brayden McNabb.
1:36 of 2nd period - Stopped by Philipp Grubauer without a rebound.
1:37 of 2nd period - Sam Bennett wins face-off versus Brayden Point in ANAHEIM Ducks zone.
1:37 of 2nd period - Sam Bennett is hit by Ryan Pulock.
1:42 of 2nd period - Andrew Mangiapane is hit by Brett Pesce.
1:50 of 2nd period - Shot by Andrew Mangiapane.
1:50 of 2nd period - Shot Blocked by Ryan Pulock.
1:58 of 2nd period - Shot by Viktor Arvidsson.
1:58 of 2nd period - Shot Blocked by Jack Johnson.
2:15 of 2nd period - Minor Penalty to Nathan MacKinnon for Holding.
2:16 of 2nd period - Elias Lindholm wins face-off versus John Tavares in ANAHEIM Ducks zone.
3:15 of 2nd period - Shot by Cody Ceci.
3:15 of 2nd period - Stopped by Philipp Grubauer without a rebound.
3:16 of 2nd period - Sam Bennett wins face-off versus Nick Paul in ANAHEIM Ducks zone.
3:41 of 2nd period - Shot by Evander Kane.
3:41 of 2nd period - Stopped by Philipp Grubauer with a rebound.
4:17 of 2nd period - Off-side.
4:18 of 2nd period - Brett Howden wins face-off versus Brayden Point in neutral zone.
4:20 of 2nd period - John Klingberg is hit by Brett Pesce and loses puck.
4:23 of 2nd period - Shot by Andrew Cogliano.
4:23 of 2nd period - Shot Misses the Net.
4:33 of 2nd period - Shot by Andrew Cogliano.
4:33 of 2nd period - Shot Misses the Net.
4:35 of 2nd period - Shot by Brett Howden.
4:35 of 2nd period - Shot Misses the Net.
4:46 of 2nd period - Brett Howden is hit by Brett Pesce and loses puck.
5:17 of 2nd period - Shot by Kyle Connor.
5:17 of 2nd period - Shot Blocked by Brett Pesce.
5:29 of 2nd period - Shot by John Tavares.
5:29 of 2nd period - Stopped by Philipp Grubauer without a rebound.
5:30 of 2nd period - Elias Lindholm wins face-off versus Cal Clutterbuck in ANAHEIM Ducks zone.
5:30 of 2nd period - MacKenzie Weegar is hit by Austin Watson and loses puck.
5:39 of 2nd period - Shot by Nick Cousins.
5:39 of 2nd period - Shot Misses the Net.
5:41 of 2nd period - Shot by Connor Murphy.
5:41 of 2nd period - Stopped by Philipp Grubauer without a rebound.
5:42 of 2nd period - Jeff Carter wins face-off versus Sam Bennett in ANAHEIM Ducks zone.
5:57 of 2nd period - Shot by Andrew Mangiapane.
5:57 of 2nd period - Shot Misses the Net.
5:59 of 2nd period - Shot by Evander Kane.
5:59 of 2nd period - Stopped by Philipp Grubauer without a rebound.
6:00 of 2nd period - John Tavares wins face-off versus Elias Lindholm in ANAHEIM Ducks zone.
6:00 of 2nd period - John Tavares is hit by Justin Holl.
6:07 of 2nd period - Kyle Connor is hit by Ryan Lindgren and loses puck.
6:21 of 2nd period - Elias Lindholm is hit by Brayden McNabb and loses puck.
6:58 of 2nd period - Joe Pavelski is hit by Joel Farabee and loses puck.
8:29 of 2nd period - Shot by Nathan MacKinnon.
8:29 of 2nd period - Shot Blocked by Jack Johnson.
8:41 of 2nd period - Shot by Connor Murphy.
8:41 of 2nd period - Shot Blocked by Brett Pesce.
8:43 of 2nd period - Shot by Jack Johnson.
8:43 of 2nd period - Shot Misses the Net.
9:22 of 2nd period - Chandler Stephenson is hit by Troy Stecher and loses puck.
9:52 of 2nd period - Icing by Elias Lindholm.
9:53 of 2nd period - Austin Watson wins face-off versus Elias Lindholm in ANAHEIM Ducks zone.
10:32 of 2nd period - Shot by Nick Paul.
10:32 of 2nd period - Shot Misses the Net.
10:34 of 2nd period - Shot by Joel Farabee.
10:34 of 2nd period - Stopped by Darcy Kuemper without a rebound.
10:35 of 2nd period - Sam Bennett wins face-off versus David Kampf in SAN JOSE Sharks zone.
10:40 of 2nd period - Shot by Andrew Mangiapane.
10:40 of 2nd period - Shot Misses the Net.
10:42 of 2nd period - Shot by John Klingberg.
10:42 of 2nd period - Shot Misses the Net.
10:54 of 2nd period - Shot by Derick Brassard.
10:54 of 2nd period - Shot Misses the Net.
11:51 of 2nd period - Viktor Arvidsson is hit by Cody Ceci.
12:20 of 2nd period - Minor Penalty to Artturi Lehkonen for Holding.
12:20 of 2nd period - Minor Penalty to Brayden McNabb for Hooking.
12:21 of 2nd period - Elias Lindholm wins face-off versus John Tavares in SAN JOSE Sharks zone.
12:25 of 2nd period - Icing by Connor Murphy.
12:26 of 2nd period - Elias Lindholm wins face-off versus John Tavares in SAN JOSE Sharks zone.
12:39 of 2nd period - Ryan Lindgren is hit by Kyle Connor and loses puck.
12:50 of 2nd period - Shot by John Tavares.
12:50 of 2nd period - Shot Misses the Net.
12:52 of 2nd period - Shot by John Tavares.
12:52 of 2nd period - Stopped by Philipp Grubauer without a rebound.
12:53 of 2nd period - Elias Lindholm wins face-off versus John Tavares in ANAHEIM Ducks zone.
13:11 of 2nd period - Shot by Kyle Connor.
13:11 of 2nd period - Stopped by Philipp Grubauer without a rebound.
13:12 of 2nd period - Elias Lindholm wins face-off versus John Tavares in ANAHEIM Ducks zone.
13:12 of 2nd period - Elias Lindholm is hit by Kyle Connor.
13:18 of 2nd period - Shot by Nathan MacKinnon.
13:18 of 2nd period - Goal by Nathan MacKinnon - SAN JOSE Sharks : 1 - ANAHEIM Ducks : 2.
13:19 of 2nd period - John Tavares wins face-off versus Elias Lindholm in neutral zone.
13:27 of 2nd period - Kyle Connor is hit by MacKenzie Weegar and loses puck.
14:04 of 2nd period - Ryan Lindgren is hit by Troy Stecher and loses puck.
14:10 of 2nd period - Troy Stecher is hit by MacKenzie Weegar and loses puck.
14:17 of 2nd period - Shot by Matt Nieto.
14:17 of 2nd period - Stopped by Philipp Grubauer without a rebound.
14:18 of 2nd period - Chandler Stephenson wins face-off versus John Tavares in ANAHEIM Ducks zone.
14:25 of 2nd period - Shot by Jeff Carter.
14:25 of 2nd period - Stopped by Darcy Kuemper without a rebound.
14:26 of 2nd period - Jeff Carter wins face-off versus Sam Bennett in SAN JOSE Sharks zone.
14:30 of 2nd period - Icing by Cody Ceci.
14:31 of 2nd period - Sam Bennett wins face-off versus Jeff Carter in SAN JOSE Sharks zone.
15:48 of 2nd period - Shot by Kyle Connor.
15:48 of 2nd period - Stopped by Philipp Grubauer without a rebound.
15:49 of 2nd period - Brett Howden wins face-off versus Elias Lindholm in ANAHEIM Ducks zone.
15:49 of 2nd period - Minor Penalty to MacKenzie Weegar for Tripping.
15:50 of 2nd period - Elias Lindholm wins face-off versus John Tavares in ANAHEIM Ducks zone.
16:26 of 2nd period - Shot by Brayden McNabb.
16:26 of 2nd period - Stopped by Philipp Grubauer without a rebound.
16:27 of 2nd period - Sam Bennett wins face-off versus Elias Lindholm in ANAHEIM Ducks zone.
16:30 of 2nd period - Shot by Sam Bennett.
16:30 of 2nd period - Shot Misses the Net.
17:10 of 2nd period - Jack Johnson is hit by Nick Paul and loses puck.
17:47 of 2nd period - Shot by John Klingberg.
17:47 of 2nd period - Stopped by Philipp Grubauer without a rebound.
17:48 of 2nd period - John Tavares wins face-off versus David Kampf in ANAHEIM Ducks zone.
18:13 of 2nd period - Shot by Nathan MacKinnon.
18:13 of 2nd period - Stopped by Darcy Kuemper with a rebound.
18:15 of 2nd period - Shot by Viktor Arvidsson.
18:15 of 2nd period - Shot Misses the Net.
18:29 of 2nd period - Brett Howden is hit by Nathan MacKinnon and loses puck.
18:43 of 2nd period - Shot by David Kampf.
18:43 of 2nd period - Stopped by Darcy Kuemper without a rebound.
18:44 of 2nd period - Jeff Carter wins face-off versus John Tavares in SAN JOSE Sharks zone.
19:12 of 2nd period - Shot by Joe Pavelski.
19:12 of 2nd period - Shot Misses the Net.
19:27 of 2nd period - Icing by Nick Paul.
19:28 of 2nd period - Jeff Carter wins face-off versus Evander Kane in ANAHEIM Ducks zone.
19:48 of 2nd period - Sam Bennett is hit by Ryan Pulock and loses puck.
Goals for this period are 0 for SAN JOSE Sharks vs 1 for ANAHEIM Ducks.
Shots for this period are 13 for SAN JOSE Sharks vs 8 for ANAHEIM Ducks.

3rd period


0:01 of 3rd period - Elias Lindholm wins face-off versus John Tavares in neutral zone.
1:04 of 3rd period - Shot by Nathan MacKinnon.
1:04 of 3rd period - Shot Misses the Net.
1:06 of 3rd period - Shot by Brett Pesce.
1:06 of 3rd period - Stopped by Darcy Kuemper without a rebound.
1:07 of 3rd period - Sam Bennett wins face-off versus Derick Brassard in SAN JOSE Sharks zone.
1:07 of 3rd period - Evander Kane is hit by Derick Brassard and loses puck.
1:25 of 3rd period - Off-side.
1:26 of 3rd period - Brett Howden wins face-off versus Brayden Point in neutral zone.
1:26 of 3rd period - Troy Stecher is hit by Nathan MacKinnon and loses puck.
1:39 of 3rd period - Shot by Brayden Point.
1:39 of 3rd period - Stopped by Darcy Kuemper without a rebound.
1:40 of 3rd period - Elias Lindholm wins face-off versus Sam Bennett in SAN JOSE Sharks zone.
1:40 of 3rd period - Elias Lindholm is hit by Jack Johnson.
1:44 of 3rd period - Shot by Artturi Lehkonen.
1:44 of 3rd period - Shot Blocked by Connor Murphy.
1:46 of 3rd period - Shot by Elias Lindholm.
1:46 of 3rd period - Stopped by Darcy Kuemper without a rebound.
1:47 of 3rd period - Elias Lindholm wins face-off versus Sam Bennett in SAN JOSE Sharks zone.
1:54 of 3rd period - Shot by Elias Lindholm.
1:54 of 3rd period - Shot Misses the Net.
2:04 of 3rd period - Shot by Sam Bennett.
2:04 of 3rd period - Deflect By Andrew Mangiapane.
2:04 of 3rd period - Shot Misses the Net.
2:06 of 3rd period - Shot by Andrew Mangiapane.
2:06 of 3rd period - Deflect By Evander Kane.
2:06 of 3rd period - Shot Misses the Net.
2:08 of 3rd period - Shot by Sam Bennett.
2:08 of 3rd period - Shot Misses the Net.
2:10 of 3rd period - Shot by Andrew Mangiapane.
2:10 of 3rd period - Deflect By Sam Bennett.
2:10 of 3rd period - Stopped by Philipp Grubauer without a rebound.
2:11 of 3rd period - John Tavares wins face-off versus Brayden Point in ANAHEIM Ducks zone.
2:11 of 3rd period - Kyle Connor is hit by Brett Pesce and loses puck.
2:43 of 3rd period - Shot by Brayden Point.
2:43 of 3rd period - Deflect By Nathan MacKinnon.
2:43 of 3rd period - Shot Misses the Net.
2:45 of 3rd period - Shot by Nathan MacKinnon.
2:45 of 3rd period - Stopped by Darcy Kuemper without a rebound.
2:46 of 3rd period - Elias Lindholm wins face-off versus Sam Bennett in SAN JOSE Sharks zone.
3:08 of 3rd period - Icing by Mark Giordano.
3:09 of 3rd period - Elias Lindholm wins face-off versus Brett Howden in ANAHEIM Ducks zone.
3:13 of 3rd period - MacKenzie Weegar is hit by Brett Howden and loses puck.
3:51 of 3rd period - Shot by Matt Nieto.
3:51 of 3rd period - Shot Misses the Net.
4:14 of 3rd period - Minor Penalty to Brayden McNabb for Interference.
4:15 of 3rd period - John Tavares wins face-off versus Nathan MacKinnon in SAN JOSE Sharks zone.
4:42 of 3rd period - Shot by Brett Pesce.
4:42 of 3rd period - Shot Misses the Net.
4:52 of 3rd period - Shot by Viktor Arvidsson.
4:52 of 3rd period - Stopped by Darcy Kuemper without a rebound.
4:53 of 3rd period - Brayden Point wins face-off versus John Tavares in SAN JOSE Sharks zone.
5:56 of 3rd period - Elias Lindholm is hit by Troy Stecher and loses puck.
6:42 of 3rd period - Shot by Jeff Carter.
6:42 of 3rd period - Stopped by Darcy Kuemper without a rebound.
6:43 of 3rd period - David Kampf wins face-off versus Sam Bennett in SAN JOSE Sharks zone.
7:06 of 3rd period - Shot by MacKenzie Weegar.
7:06 of 3rd period - Stopped by Darcy Kuemper without a rebound.
7:07 of 3rd period - Brett Howden wins face-off versus Elias Lindholm in SAN JOSE Sharks zone.
7:22 of 3rd period - Shot by Matt Nieto.
7:22 of 3rd period - Shot Blocked by Ryan Pulock.
7:38 of 3rd period - Shot by Matt Nieto.
7:38 of 3rd period - Shot Misses the Net.
7:40 of 3rd period - Shot by Cody Ceci.
7:40 of 3rd period - Shot Misses the Net.
7:42 of 3rd period - Shot by Andrew Cogliano.
7:42 of 3rd period - Deflect By Matt Nieto.
7:42 of 3rd period - Stopped by Philipp Grubauer without a rebound.
7:43 of 3rd period - Brayden Point wins face-off versus John Tavares in ANAHEIM Ducks zone.
7:58 of 3rd period - Shot by Viktor Arvidsson.
7:58 of 3rd period - Shot Misses the Net.
8:00 of 3rd period - Shot by Brayden Point.
8:00 of 3rd period - Shot Blocked by Jack Johnson.
8:06 of 3rd period - Shot by Nathan MacKinnon.
8:06 of 3rd period - Shot Misses the Net.
8:12 of 3rd period - Shot by Viktor Arvidsson.
8:12 of 3rd period - Shot Misses the Net.
8:14 of 3rd period - Shot by Brayden Point.
8:14 of 3rd period - Shot Misses the Net.
8:16 of 3rd period - Shot by Viktor Arvidsson.
8:16 of 3rd period - Shot Blocked by Connor Murphy.
8:26 of 3rd period - Shot by Nathan MacKinnon.
8:26 of 3rd period - Shot Misses the Net.
9:59 of 3rd period - Andrew Mangiapane is hit by MacKenzie Weegar and loses puck.
11:13 of 3rd period - Troy Stecher is hit by Artturi Lehkonen and loses puck.
11:55 of 3rd period - Icing by Cal Clutterbuck.
11:56 of 3rd period - David Kampf wins face-off versus Nick Cousins in SAN JOSE Sharks zone.
12:08 of 3rd period - Cody Ceci is hit by Nic Dowd and loses puck.
12:20 of 3rd period - Ryan Lindgren is hit by Cody Ceci and loses puck.
12:21 of 3rd period - Ryan Lindgren from ANAHEIM Ducks is injured at 12:21 of 3rd period (Left Leg).
12:22 of 3rd period - Brayden Point wins face-off versus Sam Bennett in SAN JOSE Sharks zone.
12:24 of 3rd period - Viktor Arvidsson is hit by Jack Johnson and loses puck.
12:45 of 3rd period - Shot by Sam Bennett.
12:45 of 3rd period - Stopped by Philipp Grubauer without a rebound.
12:46 of 3rd period - John Tavares wins face-off versus Artturi Lehkonen in ANAHEIM Ducks zone.
13:23 of 3rd period - Shot by Elias Lindholm.
13:23 of 3rd period - Shot Misses the Net.
13:50 of 3rd period - Shot by Brayden Point.
13:50 of 3rd period - Deflect By Nathan MacKinnon.
13:50 of 3rd period - Stopped by Darcy Kuemper with a rebound.
14:41 of 3rd period - Evander Kane is hit by MacKenzie Weegar and loses puck.
14:48 of 3rd period - Cody Ceci is hit by Nic Dowd and loses puck.
14:53 of 3rd period - Shot by David Kampf.
14:53 of 3rd period - Deflect By Nic Dowd.
14:53 of 3rd period - Stopped by Darcy Kuemper with a rebound.
14:55 of 3rd period - Shot by David Kampf.
14:55 of 3rd period - Stopped by Darcy Kuemper without a rebound.
14:56 of 3rd period - Elias Lindholm wins face-off versus Brett Howden in SAN JOSE Sharks zone.
14:56 of 3rd period - Elias Lindholm is hit by Connor Murphy.
14:59 of 3rd period - Chandler Stephenson is hit by Connor Murphy and loses puck.
16:48 of 3rd period - Shot by Connor Murphy.
16:48 of 3rd period - Shot Misses the Net.
16:55 of 3rd period - Brett Pesce is hit by Connor Murphy and loses puck.
16:56 of 3rd period - Minor Penalty to Connor Murphy for High sticking.
16:57 of 3rd period - Elias Lindholm wins face-off versus John Tavares in SAN JOSE Sharks zone.
16:59 of 3rd period - Chandler Stephenson is hit by Cody Ceci and loses puck.
17:25 of 3rd period - Double Minor Penalty to Brayden McNabb for Roughing.
17:26 of 3rd period - John Tavares wins face-off versus Elias Lindholm in SAN JOSE Sharks zone.
17:53 of 3rd period - Shot by Elias Lindholm.
17:53 of 3rd period - Shot Blocked by Troy Stecher.
17:55 of 3rd period - Shot by MacKenzie Weegar.
17:55 of 3rd period - Stopped by Darcy Kuemper without a rebound.
17:56 of 3rd period - Sam Bennett wins face-off versus Viktor Arvidsson in SAN JOSE Sharks zone.
18:21 of 3rd period - Shot by Viktor Arvidsson.
18:21 of 3rd period - Deflect By Brayden Point.
18:21 of 3rd period - Stopped by Darcy Kuemper without a rebound.
18:22 of 3rd period - Brayden Point wins face-off versus John Tavares in SAN JOSE Sharks zone.
18:47 of 3rd period - Shot by Viktor Arvidsson.
18:47 of 3rd period - Stopped by Darcy Kuemper without a rebound.
18:48 of 3rd period - Sam Bennett wins face-off versus Elias Lindholm in SAN JOSE Sharks zone.
19:04 of 3rd period - Chandler Stephenson is hit by Jack Johnson and loses puck.
19:11 of 3rd period - Shot by Chandler Stephenson.
19:11 of 3rd period - Stopped by Darcy Kuemper with a rebound.
19:13 of 3rd period - Shot by Artturi Lehkonen.
19:13 of 3rd period - Shot Misses the Net.
19:15 of 3rd period - Shot by Elias Lindholm.
19:15 of 3rd period - Stopped by Darcy Kuemper without a rebound.
19:16 of 3rd period - Brayden Point wins face-off versus John Tavares in SAN JOSE Sharks zone.
19:54 of 3rd period - Matt Nieto is hit by Nathan MacKinnon and loses puck.
Goals for this period are 0 for SAN JOSE Sharks vs 0 for ANAHEIM Ducks.
Shots for this period are 3 for SAN JOSE Sharks vs 15 for ANAHEIM Ducks. Output by the SimonT Hockey Simulator (STHS) for Martin Benoit - Original Page W3C HTML5 Valid
Hockey Simulator - Hockey Simulation - Hockey Manager